 Dungeon Crawl Stone Soup version 0.20-a0-315-g8346a86 (webtiles) character file.

4029 Kidiri the Thaumaturge (level 10, -4/56 HPs)
             Began as a Deep Elf Fire Elementalist on Dec 20, 2016.
             Was a Believer of Vehumet.
             Killed from afar by an orc wizard (13 damage)
             ... with a puff of frost
             ... on level 8 of the Dungeon.
             The game lasted 00:29:50 (9483 turns).

Kidiri the Thaumaturge (Deep Elf Fire Elementalist) Turns: 9483, Time: 00:29:51

Health: -4/56      AC:  8    Str:  5    XL:     10   Next: 4%
Magic:  1/26       EV: 13    Int: 26    God:    Vehumet [**....]
Gold:   317        SH:  0    Dex: 15    Spells: 1/29 levels left

rFire  . . .     SeeInvis +     o - +2 dagger (venom)
rCold  . . .     Gourm    .     a - +1 robe
rNeg   . . .     Faith    .     (no shield)
rPois  .         Spirit   .     r - +3 crown of Dyrovepreva {rElec Int+2 SInv}
rElec  +         Reflect  .     s - +0 cloak
rCorr  .         Harm     .     (no gloves)
MR     +....                    l - +0 pair of boots
Stlth  ++........               (no amulet)
                                (no ring)
                                h - ring of flight

@: very slightly contaminated
A: no striking features
a: Renounce Religion, Evoke Flight


You were on level 8 of the Dungeon.
You worshipped Vehumet.
Vehumet was pleased with you.
You were not hungry.

You visited 2 branches of the dungeon, and saw 9 of its levels.

You collected 317 gold pieces.

Inventory:

Hand Weapons
 o - a +2 dagger of venom (weapon)
Armour
 a - a +1 robe (worn)
 l - a +0 pair of boots (worn)
 r - the +3 crown of Dyrovepreva (worn) {rElec Int+2 SInv}
   (You found it on level 4 of the Dungeon)

   It affects your intelligence (+2).
   It insulates you from electricity.
   It lets you see invisible.
 s - a +0 cloak (worn)
Jewellery
 h - a ring of flight (left hand)
 j - an uncursed ring of teleportation
Scrolls
 d - 2 scrolls of teleportation
 e - a scroll of recharging
 i - a scroll of fear
 q - 4 scrolls of remove curse
 u - a scroll of magic mapping
 y - a scroll of fog
 A - 3 scrolls of identify
 D - a scroll of amnesia
Potions
 g - 3 potions of cancellation
 k - a potion of magic
 n - 9 potions of curing
 p - a potion of haste
 v - a potion of resistance
 w - a potion of agility {unknown}
 x - 2 potions of brilliance {unknown}
 z - 2 potions of degeneration {unknown}
 B - a potion of flight {unknown}
 C - a potion of lignification {unknown}
Books
 b - a book of Flames

   Spells                             Type                      Level
   a - Flame Tongue                   Conjuration/Fire             1
   b - Throw Flame                    Conjuration/Fire             2
   c - Conjure Flame                  Conjuration/Fire             3
   d - Inner Flame                    Hexes/Fire                   3
   e - Sticky Flame                   Conjuration/Fire             4
   f - Fireball                       Conjuration/Fire             5
 t - a book of Power

   Spells                             Type                      Level
   a - Fulminant Prism                Conjuration/Hexes            4
   b - Iskenderun's Mystic Blast      Conjuration                  4
   c - Venom Bolt                     Conjuration/Poison           5
   d - Bolt of Magma                  Conjuration/Fire/Earth       5
   e - Iron Shot                      Conjuration/Earth            6
   f - Orb of Destruction             Conjuration                  7
   g - Spellforged Servitor           Conjuration/Summoning        7
Comestibles
 c - 6 bread rations
 E - a meat ration


   Skills:
 + Level 3.3 Fighting
 + Level 4.2 Short Blades
 + Level 3.4 Armour
 - Level 2.4 Dodging
 - Level 2.4 Stealth
 * Level 10.2 Spellcasting
 + Level 6.2 Conjurations
 + Level 7.1 Fire Magic
 + Level 2.4 Earth Magic
 + Level 1.0 Poison Magic
 + Level 4.8 Evocations


You had one spell level left.
You knew the following spells:

 Your Spells              Type           Power        Failure   Level  Hunger
a - Flame Tongue          Conj/Fire      #####        1%          1    None
b - Throw Flame           Conj/Fire      #####.       1%          2    None
c - Conjure Flame         Conj/Fire      #####...     1%          3    None
d - Inner Flame           Hex/Fire       ####....     3%          3    None
e - Sticky Flame          Conj/Fire      #####...     3%          4    None
f - Fireball              Conj/Fire      #####.....   10%         5    ####...
g - Bolt of Magma         Conj/Fire/Erth #####.....   17%         5    ####...
h - Venom Bolt            Conj/Pois      ####......   30%         5    ####...


Dungeon Overview and Level Annotations

Branches:
Dungeon (8/15)             Temple (1/1) D:5
   Lair: D:8-11

Altars:
Cheibriados
Dithmenos
Elyvilon
Fedhas
Gozag
Hepliaklqana
Kikubaaqudgha
Makhleb
Nemelex Xobeh
Okawaru
Qazlal
Ru
Sif Muna
Trog
Uskayaw
Vehumet
Xom
Yredelemnul
Zin
The Shining One


Message History

The orc wizard shouts!
Found a glowing helmet. 4 orcs, an orc warrior, 2 orc wizards and a skeleton come into view.
An orc wizard is wielding a dagger of electrocution.
Vehumet accepts your kill.
You feel a bit more experienced.
The orc wizard points at you and mumbles some strange words.
The magic dart hits you!
* * * LOW HITPOINT WARNING * * *
The orc wizard casts a spell at you. The magic dart hits you!
* * * LOW HITPOINT WARNING * * *
Found a paperback book and 6 javelins.
You feel better.
The orc wizard gestures at you while chanting.
The magic dart hits you!
* * * LOW HITPOINT WARNING * * *
The orc wizard casts a spell at you. The puff of frost hits you!
You die...

...Z.......##.
.............. [
............. ..
.#.#.....#..##...
.................
(.........o......
............##o#
.#...≈≈..o.......
......≈@....o..##
.#..............###
:...........o...#.#.
........)...oo..#.#.
.#..#.##...o....'.#.
.......)[.......#..
.......#)#)<##..#
.#......(...##.#########
................##......


You could see an orc warrior, 3 orc wizards and 4 orcs.

Vanquished Creatures
  The ghost of bear the Cleaver, a novice HOMo (D:6)
  The ghost of dondy the Cleaver, a novice HOMo of Beogh (D:5)
  Prince Ribbit (D:5)
  A hungry ghost (D:7)
  Menkaure (D:5)
  Duvessa (D:5)
  2 orc warriors
  An ice beast (D:4)
  2 ogres
  A centaur (D:8)
  A big kobold (D:7)
  Blork the orc (D:5)
  3 bullfrogs
  A scorpion (D:7)
  2 jellies
  Dowan (D:5)
  5 killer bees (D:8)
  6 howler monkeys
  4 crimson imps
  2 bullfrog zombies
  5 orc priests
  A centaur skeleton (D:4)
  A hound (D:6)
  6 orc wizards
  Natasha (twice) (D:2)
  5 iguanas
  5 worker ants
  Terence (D:2)
  2 hound skeletons
  9 adders
  A gnoll (D:7)
  A shadow imp (D:5)
  An ooze (D:3)
  2 adder skeletons
  6 worms
  2 leopard geckos
  28 orcs
  2 bat zombies (D:2)
  A giant cockroach (D:6)
  13 goblins
  6 hobgoblins
  4 jackals
  8 kobolds
  A quokka (D:3)
  A ball python (D:1)
  10 bats
  4 frilled lizards
  A jackal skeleton (D:7)
  A quokka skeleton (D:6)
  A quokka zombie (D:5)
  12 rats
  2 rat zombies (D:2)
183 creatures vanquished.

Notes
Turn   | Place    | Note
-------+----------+-------------------------------------------
     0 | D:1      | Kidiri the Deep Elf Fire Elementalist began the quest for the Orb.
     0 | D:1      | Reached XP level 1. HP: 10/10 MP: 6/6
   267 | D:1      | Reached XP level 2. HP: 13/15 MP: 4/8
   271 | D:1      | Learned a level 2 spell: Throw Flame
  1010 | D:2      | Reached skill level 4 in Spellcasting
  1010 | D:2      | Reached XP level 3. HP: 7/19 MP: 0/10
  1015 | D:2      | Learned a level 3 spell: Conjure Flame
  1019 | D:2      | Learned a level 3 spell: Inner Flame
  1275 | D:2      | Noticed Terence
  1290 | D:2      | Killed Terence
  1290 | D:2      | Reached XP level 4. HP: 13/24 MP: 0/12
  1509 | D:2      | Noticed Natasha
  1517 | D:2      | Killed Natasha
  1517 | D:2      | Reached skill level 5 in Spellcasting
  1526 | D:2      | Learned a level 4 spell: Sticky Flame
  1607 | D:2      | Found an ancient bone altar of Kikubaaqudgha.
  1659 | D:2      | Noticed Natasha
  1665 | D:2      | Killed Natasha
  1665 | D:2      | Reached XP level 5. HP: 19/28 MP: 7/14
  2781 | D:3      | Found a glowing silver altar of Zin.
  2786 | D:3      | Reached skill level 6 in Spellcasting
  3825 | D:4      | Found a stormy altar of Qazlal.
  3861 | D:4      | Noticed an ogre
  3866 | D:4      | Killed an ogre
  3866 | D:4      | Reached skill level 5 in Fire Magic
  3866 | D:4      | Reached XP level 6. HP: 32/32 MP: 10/17
  3873 | D:4      | Learned a level 5 spell: Fireball
  4405 | D:4      | Reached skill level 1 in Evocations
  4772 | D:4      | Noticed an ice beast
  4778 | D:4      | Killed an ice beast
  4778 | D:4      | Reached skill level 1 in Fighting
  4778 | D:4      | Reached XP level 7. HP: 38/38 MP: 11/19
  5096 | D:5      | Entered Level 5 of the Dungeon
  5113 | D:5      | Noticed Blork the orc
  5224 | D:5      | Killed Blork the orc
  5224 | D:5      | Reached skill level 1 in Armour
  5224 | D:5      | Reached skill level 7 in Spellcasting
  5296 | D:5      | Found a staircase to the Ecumenical Temple.
  5298 | D:5      | Noticed Dowan
  5306 | Temple   | Entered the Ecumenical Temple
  5419 | Temple   | Became a worshipper of Vehumet
  5437 | D:5      | Noticed Duvessa
  5462 | D:5      | Killed Dowan
  5462 | D:5      | Killed Duvessa
  5462 | D:5      | Reached skill level 1 in Short Blades
  5650 | D:5      | Noticed Menkaure
  5653 | D:5      | Killed Menkaure
  5694 | D:5      | Found a burning altar of Makhleb.
  5734 | D:5      | Noticed dondy's ghost (novice HOMo)
  5751 | D:5      | Killed dondy's ghost
  5751 | D:5      | Reached skill level 8 in Spellcasting
  5751 | D:5      | Reached XP level 8. HP: 30/44 MP: 11/22
  6014 | D:5      | Noticed Prince Ribbit
  6059 | D:5      | Killed Prince Ribbit
  6059 | D:5      | Reached skill level 5 in Conjurations
  6308 | D:6      | Noticed bear's ghost (novice HOMo)
  6324 | D:6      | Killed bear's ghost
  6324 | D:6      | Reached skill level 9 in Spellcasting
  6324 | D:6      | Reached XP level 9. HP: 28/49 MP: 7/24
  6604 | D:6      | Found a white marble altar of Elyvilon.
  6636 | D:6      | Learned a level 5 spell: Bolt of Magma
  6649 | D:6      | Found a glowing golden altar of the Shining One.
  6659 | D:6      | Reached * piety under Vehumet
  6659 | D:6      | Offered knowledge of Sandblast by Vehumet.
  6762 | D:6      | Found a shimmering altar of Xom.
  6766 | D:6      | Found a basalt altar of Yredelemnul.
  6861 | D:6      | Reached skill level 1 in Earth Magic
  7007 | D:6      | Found a burning altar of Makhleb.
  7447 | D:7      | Found a bloodstained altar of Trog.
  7448 | D:7      | Found an iron altar of Okawaru.
  8339 | D:7      | Reached ** piety under Vehumet
  8339 | D:7      | Offered knowledge of Magic Dart by Vehumet.
  8419 | D:7      | Reached skill level 10 in Spellcasting
  9114 | D:7      | Learned a level 5 spell: Venom Bolt
  9446 | D:8      | Reached XP level 10. HP: 22/56 MP: 0/26
  9473 | D:8      | Reached skill level 1 in Poison Magic
  9483 | D:8      | Killed from afar by an orc wizard

Vault maps used:
D:1:      dpeg_arrival_long_road
D:2:      lemuel_zombie_altar_kikubaaqudgha, first_bread, st_stairs_13,
          uniq_natasha, uniq_terence
D:3:      lemuel_coloured_pillars_altar
D:4:      lemuel_doored_altar
D:5:      kennysheep_little_box, uniq_duvessa, uniq_blork_the_orc,
          uniq_menkaure, uniq_prince_ribbit1
D:6:      elyvilon_altar_3, nicolae_overflow_hidden_temple, basic_altar,
          minmay_misc_feat_rows, roderic_serpentine_path,
          makhleb_heckhound_becter
D:7:      grunt_temple_overflow_bloody_war
D:8:      grunt_pizzeria
Temple:   jpeg_temple_clearing

Skill      XL: |  1  2  3  4  5  6  7  8  9 10 |
---------------+-------------------------------+-----
Spellcasting   | 4 5 6 8 9 10 | 10.2
Fire Magic     | 4 5 6 7 |  7.1
Conjurations   | 2 3 4 5 6 |  6.2
Evocations     | 1 2 3 4 |  4.8
Fighting       | 1 2 3 |  3.3
Armour         | 2 3 |  3.4
Short Blades   | 2 4 |  4.2
Earth Magic    | 2 |  2.4
Poison Magic   | 1 |  1.0
Dodging        | |  2.4
Stealth        | |  2.4

Action                   |  1- 3 |  4- 6 |  7- 9 | 10-12 || total
-------------------------+-------+-------+-------+-------++-------
Melee: Club              |     9 |       |       |       ||     9
       Unarmed           |     3 |       |       |       ||     3
       Dagger            |    18 |    73 |   181 |     4 ||   276
 Cast: Flame Tongue      |    57 |    89 |   129 |     2 ||   277
       Throw Flame       |     3 |     5 |    10 |       ||    18
       Sticky Flame      |       |     8 |     9 |       ||    17
       Conjure Flame     |       |     4 |    11 |       ||    15
       Inner Flame       |       |       |     2 |       ||     2
       Fireball          |       |       |     1 |       ||     1
       Bolt of Magma     |       |       |    18 |     1 ||    19
  Use: Scroll            |       |    14 |     7 |     1 ||    22
       Potion            |       |     1 |     2 |     4 ||     7
 Stab: Sleeping          |     3 |    12 |     4 |       ||    19
  Eat: Chunk             |     1 |    12 |    16 |       ||    29
       Fruit             |       |       |     4 |       ||     4
       Beef jerky        |       |       |     1 |       ||     1
Armor: Robe              |    24 |    19 |    49 |     6 ||    98
Dodge: Dodged            |    61 |    79 |   131 |    23 ||   294
